 Dungeon Crawl Stone Soup version 0.20.0-10-g0535bb4 (webtiles) character file.

119042 JeffiDaFish the Basher (level 16, -11/106 HPs)
             Began as a Gargoyle Fighter on June 5, 2017.
             Was the Champion of Okawaru.
             Killed from afar by an ogre mage (33 damage)
             ... with a bolt of fire
             ... on level 2 of the Orcish Mines on June 6, 2017.
             The game lasted 01:11:46 (23988 turns).

JeffiDaFish the Basher (Gargoyle Fighter)          Turns: 23988, Time: 01:11:46

Health: -11/106    AC: 51    Str: 18    XL:     16   Next: 78%
Magic:  26/26      EV: 15    Int: 11    God:    Okawaru [******]
Gold:   1476       SH:  0    Dex: 24    Spells: 19/29 levels left

rFire    . . .     SeeInvis +   B - +5 morningstar (protect)
rCold    + + +     Gourm    .   c - +0 shield
rNeg     + + .     Faith    .   p - +3 pearl dragon scales
rPois    ∞         Spirit   .   u - +1 hat "Pagri" {rC++ Dex+2 SInv}
rElec    +         Reflect  .   (no cloak)
rCorr    .         Harm     .   E - +2 pair of gloves of Mouf {Dex+5 SInv}
MR       +....                  b - +2 pair of boots
Stlth    ..........             (no amulet)
Regen    0.3/turn               D - +6 ring of protection
MPRegen  0.2/turn               x - +3 ring of dexterity

@: confused, protection aura, flying, studying 2 skills
A: big wings, large bone plates 1, cold resistance 1, negative energy resistance
1, screaming 1, electricity resistance, weak 1, unbreathing, petrification
resistance, rot immunity, AC +11
a: Stop Flying, Heroism, Finesse, Renounce Religion


You were on level 2 of the Orcish Mines.
You worshipped Okawaru.
Okawaru was exalted by your worship.
You were not hungry.

You visited 4 branches of the dungeon, and saw 24 of its levels.

You collected 2183 gold pieces.
You spent 707 gold pieces at shops.

Inventory:

Hand Weapons
 B - a +5 morningstar of protection (weapon)
 H - a +1 demon whip of flaming
Armour
 b - a +2 pair of boots (worn)
 c - a +0 shield (worn)
 p - +3 pearl dragon scales (worn)
 u - the +1 hat "Pagri" (worn) {rC++ Dex+2 SInv}
   (Okawaru gifted it to you on level 2 of the Lair of Beasts)

   It affects your dexterity (+2).
   It greatly protects you from cold.
   It lets you see invisible.
 E - the +2 pair of gloves of Mouf (worn) {Dex+5 SInv}
   (You found it on level 4 of the Lair of Beasts)

   It affects your dexterity (+5).
   It lets you see invisible.
 F - a +2 hat of magic resistance
Jewellery
 m - an uncursed ring of protection from fire
 x - a +3 ring of dexterity (right hand)
 D - a +6 ring of protection (left hand)
Wands
 j - a wand of clouds (6/9)
Scrolls
 d - 2 scrolls of magic mapping
 g - 3 scrolls of fog
 i - 3 scrolls of remove curse
 l - 4 scrolls of amnesia
 n - 6 scrolls of identify
 o - 7 scrolls of teleportation
 y - 3 scrolls of fear
 I - 2 scrolls of recharging
Potions
 e - 3 potions of heal wounds
 q - 7 potions of curing
 r - 3 potions of resistance
 s - a potion of cancellation
 v - 6 potions of agility
 C - 2 potions of invisibility
Books
 a - a book of Conjurations

   Spells                             Type                      Level
   a - Magic Dart                     Conjuration                  1
   b - Searing Ray                    Conjuration                  2
   c - Dazzling Spray                 Conjuration/Hexes            3
   d - Fulminant Prism                Conjuration/Hexes            4
   e - Force Lance                    Conjuration/Translocation    4
   f - Iskenderun's Mystic Blast      Conjuration                  4
 t - a manual of Fighting
 z - a book of Geomancy

   Spells                             Type                      Level
   a - Sandblast                      Earth                        1
   b - Passwall                       Transmutation/Earth          2
   c - Stone Arrow                    Conjuration/Earth            3
   d - Petrify                        Transmutation/Earth          4
   e - Lee's Rapid Deconstruction     Earth                        5
 G - a manual of Conjurations
Comestibles
 f - 8 bread rations
 h - 14 meat rations
 k - 5 fruits
 w - 26 royal jellies
 A - 18 chunks of flesh


   Skills:
 * Level 14.2 Fighting
 + Level 14.6 Maces & Flails
 + Level 12.1 Armour
 + Level 7.5 Dodging
 - Level 2.0 Stealth
 + Level 13.2 Shields
 + Level 7.1 Spellcasting
 * Level 9.5 Conjurations
 + Level 3.0 Translocations
 + Level 1.4 Air Magic
 + Level 5.1 Earth Magic
 + Level 2.6 Poison Magic
 - Level 6.7 Invocations


You had 19 spell levels left.
You knew the following spells:

 Your Spells              Type           Power        Failure   Level  Hunger
a - Stone Arrow           Conj/Erth      ###...       9%          3    ###....
b - Force Lance           Conj/Tloc      ###.....     43%         4    ####...
c - Mephitic Cloud        Conj/Pois/Air  ##......     28%         3    ###....


Dungeon Overview and Level Annotations

Branches:
Dungeon (15/15)            Temple (1/1) D:4            Lair (6/6) D:11
  Swamp (0/4) Lair:4        Snake (0/4) Lair:3        Slime (0/5) Lair:5
    Orc (2/2) D:10         Vaults (0/5) D:14         Depths (0/5) D:15
    Elf: Orc:2

Altars:
Ashenzari
Cheibriados
Dithmenos
Elyvilon
Fedhas
Gozag
Hepliaklqana
Kikubaaqudgha
Makhleb
Nemelex Xobeh
Okawaru
Qazlal
Ru
Sif Muna
Uskayaw
Vehumet
Xom
Yredelemnul
Zin
The Shining One

Shops:
D:5 ?   D:8 !%*=   D:10 [(

Annotations:
D:4 exclusion: statue


Innate Abilities, Weirdness & Mutations

You are resistant to torment.
Your stone body is resilient. (AC +11)
You are immune to poison.
Your large and strong wings let you fly indefinitely.
You resist negative energy. (rN+)
You are resistant to electric shocks. (rElec)
You can survive without breathing.
You are immune to petrification.
You are immune to rotting.
You are partially covered in large bone plates. (SH +4)
Your flesh is cold resistant. (rC+)
You occasionally shout uncontrollably at your foes.
You are weak. (Str -2)


Message History

The hellwing closely misses you.
The hellwing hits you but does no damage.
The warg bites you but does no damage. The troll bites you but does no damage.
The troll barely misses you. The troll claws you.
* * * LOW HITPOINT WARNING * * *
The ogre mage hits you but does no damage.
You hit the warg.
The warg is moderately wounded.
The two-headed ogre hits you but does no damage.
The two-headed ogre completely misses you.
The warg bites you but does no damage.
The hellwing hits you but does no damage.
The hellwing hits you.
* * * LOW HITPOINT WARNING * * *
The troll bites you but does no damage. The troll barely misses you.
The troll claws you but does no damage.
You miss the ogre mage. The ogre mage casts a spell at you.
The bolt of fire hits you!
You die...

## # ##. ..#
... #..
..#.... ##.#
##..#....
#...###......
##....#.......
#...4OTO...#
#...@hO4..#
#.$.##OOO..#
##. #OO)..# #
#OoO)..#
##.$...#
......#
#......#
##......#
#........


You could see 2 two-headed ogres, an ogre mage, a hellwing, a troll, a warg, an
orc sorcerer, a red devil and 6 ogres.

Vanquished Creatures
  Rupert (Lair:6)
  Frances (D:13)
  Snorg (D:10)
  The ghost of neongrey the Fighter, a journeyman DsBe of Trog (Lair:2)
  11 hydras
  10 two-headed ogres
  2 tengu warriors (D:14)
  3 ogre magi
  11 death yaks
  Sonja (D:15)
  2 skeletal warriors (D:15)
  2 unseen horrors
  An obsidian statue (Lair:3)
  3 orc knights
  2 necromancers
  A stone giant zombie (D:15)
  12 ugly things
  A phantasmal warrior (D:15)
  An orc sorcerer (Orc:1)
  4 cyclopes
  A deep elf mage (D:14)
  2 wolf spiders (Lair:6)
  6 elephants (Lair:2)
  2 manticores
  16 black mambas
  2 frost giant skeletons (D:15)
  5 centaur skeletons
  A guardian serpent (Lair:6)
  A torpor snail (Lair:6)
  16 spiny frogs
  A gargoyle (D:14)
  A kobold demonologist (D:14)
  An efreet (D:15)
  2 rime drakes (Lair:5)
  A freezing wraith (D:15)
  10 komodo dragons
  14 polar bears
  8 trolls
  15 dream sheep
  A raiju (shapeshifter) (D:13)
  11 hippogriffs
  Grinder (D:6)
  3 hornets
  12 blink frogs
  A raiju (Lair:6)
  2 slime creatures (Lair:5)
  Sigmund (D:4)
  A water elemental (D:15)
  2 redbacks (Lair:6)
  3 shadows
  11 wyverns
  3 wraiths
  31 yaks
  3 basilisks
  2 hungry ghosts
  14 vampire mosquitoes
  A naga (Lair:3)
  11 wargs
  An acid dragon (D:15)
  24 water moccasins
  10 porcupines
  3 ice beasts
  14 hell hounds (Lair:6)
  11 black bears (Lair:6)
  28 ogres
  18 orc warriors
  3 necrophages
  34 wolves
  4 boggarts (Lair:6)
  2 eyes of draining
  A phantom (D:10)
  3 centaurs
  15 crocodiles
  4 big kobolds
  An elf zombie (D:9)
  15 bullfrogs
  A wyvern zombie (D:11)
  2 scorpions
  13 wights
  17 killer bees
  An electric eel (Lair:3)
  A howler monkey (D:12)
  9 crimson imps
  3 bullfrog zombies
  2 centaur zombies
  10 hounds
  7 orc priests
  8 jellies
  4 human zombies (D:9)
  24 orc wizards
  2 human skeletons (D:9)
  8 worker ants
  5 iguanas
  7 hell rats (Lair:3)
  A killer bee zombie (D:7)
  2 hound skeletons
  A hound zombie (D:6)
  2 mummies (D:9)
  A worker ant zombie (D:11)
  Robin (D:3)
  3 gnolls (D:3)
  9 adders
  3 shadow imps
  5 oozes (D:10)
  An adder zombie (D:7)
  4 worms
  A dart slug (D:1)
  6 leopard geckos
  68 orcs
  5 giant cockroaches
  12 goblins
  15 hobgoblins
  12 jackals
  20 kobolds
  6 quokkas
  4 ball pythons
  4 bats
  2 frilled lizards
  A jackal skeleton (D:7)
  A quokka skeleton (D:4)
  A quokka zombie (D:8)
  5 rats
  A bush (D:6)
  A plant (D:11)
803 creatures vanquished.

Vanquished Creatures (collateral kills)
  A manticore (D:11)
1 creature vanquished.

Vanquished Creatures (others)
  An ice dragon skeleton (D:15)
  A bush (Lair:6)
  29 fungi
  40 plants
71 creatures vanquished.

Grand Total: 875 creatures vanquished

Notes
Turn   | Place    | Note
-------+----------+-------------------------------------------
     0 | D:1      | JeffiDaFish the Gargoyle Fighter began the quest for the Orb.
     0 | D:1      | Reached XP level 1. HP: 14/14 MP: 1/1
   222 | D:1      | Reached XP level 2. HP: 12/19 MP: 2/2
   963 | D:2      | Reached XP level 3. HP: 22/24 MP: 3/3
  1295 | D:2      | Found a shadowy altar of Dithmenos.
  1653 | D:2      | Reached XP level 4. HP: 28/29 MP: 4/4
  2012 | D:3      | Noticed Robin
  2044 | D:3      | Killed Robin
  2509 | D:3      | Reached XP level 5. HP: 28/33 MP: 5/5
  2834 | D:4      | Reached skill level 1 in Dodging
  2903 | D:4      | Reached XP level 6. HP: 31/38 MP: 6/6
  3273 | D:4      | Noticed Sigmund
  3309 | D:4      | Killed Sigmund
  3309 | D:4      | Reached skill level 5 in Shields
  3309 | D:4      | Reached XP level 7. HP: 18/44 MP: 7/7
  3644 | D:4      | Found a glowing silver altar of Zin.
  3663 | D:4      | Found a radiant altar of Vehumet.
  3838 | D:4      | Found a staircase to the Ecumenical Temple.
  3843 | Temple   | Entered the Ecumenical Temple
  3871 | Temple   | Became a worshipper of Warmaster Okawaru
  3977 | D:5      | Entered Level 5 of the Dungeon
  4304 | D:5      | Found Nynub's Magic Scroll Shoppe.
  4307 | D:5      | Bought a scroll of brand weapon for 200 gold pieces
  4364 | D:5      | Reached skill level 5 in Maces & Flails
  4671 | D:6      | Found a white marble altar of Elyvilon.
  4715 | D:6      | Reached XP level 8. HP: 29/48 MP: 8/8
  4736 | D:6      | Reached skill level 5 in Armour
  4990 | D:6      | Found an ancient bone altar of Kikubaaqudgha.
  5049 | D:6      | Found a blossoming altar of Fedhas.
  5197 | D:6      | Reached skill level 1 in Stealth
  5334 | D:6      | Reached * piety under Okawaru
  5461 | D:6      | Noticed Grinder
  5470 | D:6      | Paralysed by Grinder for 2 turns
  5481 | D:6      | Killed Grinder
  5481 | D:6      | Reached skill level 5 in Fighting
  6112 | D:7      | Reached ** piety under Okawaru
  6122 | D:7      | Reached XP level 9. HP: 44/54 MP: 9/9
  6267 | D:7      | Found a glowing golden altar of the Shining One.
  6407 | D:7      | Found an opulent altar of Gozag.
  6987 | D:8      | Reached *** piety under Okawaru
  7105 | D:8      | Found Desykuk's Jewellery Boutique.
  7162 | D:8      | Found Nogrun's Assorted Antiques.
  7225 | D:8      | Paralysed by fainting for 10 turns
  7322 | D:8      | Bought a scroll of enchant weapon for 202 gold pieces
  7362 | D:8      | Found Raovu's Distillery.
  7418 | D:8      | Found Basches's Food Shoppe.
  7470 | D:8      | Found a stormy altar of Qazlal.
  7473 | D:8      | Found a hazy altar of Hepliaklqana.
  7476 | D:8      | Found a shattered altar of Ashenzari.
  7674 | D:9      | Noticed a troll
  7676 | D:9      | Noticed a troll
  7684 | D:9      | Killed a troll
  7684 | D:9      | Reached XP level 10. HP: 60/60 MP: 10/10
  7690 | D:9      | Reached **** piety under Okawaru
  8016 | D:9      | Reached ***** piety under Okawaru
  8731 | D:9      | Found a basalt altar of Yredelemnul.
  8853 | D:9      | Reached skill level 10 in Maces & Flails
  9028 | D:10     | Entered Level 10 of the Dungeon
  9058 | D:10     | Received a gift from Okawaru
  9285 | D:10     | Reached XP level 11. HP: 53/67 MP: 11/11
  9375 | D:10     | Found Ygiaraj's Armour Emporium.
  9375 | D:10     | Found a staircase to the Orcish Mines.
  9380 | D:10     | Found Huthrieg's Weapon Emporium.
  9611 | D:10     | Noticed Snorg
  9930 | D:10     | Killed Snorg
 10560 | D:10     | Gained mutation: Your flesh is cold resistant. (rC+) [potion of mutation]
 10560 | D:10     | Gained mutation: Your large and strong wings let you fly indefinitely. [potion of mutation]
 10560 | D:10     | Gained mutation: You are partially covered in large bone plates. (SH +4) [potion of mutation]
 10693 | D:10     | Bought a +3 morningstar of protection for 305 gold pieces
 10814 | D:11     | Received a gift from Okawaru
 10850 | D:11     | Noticed a cyan ugly thing
 10865 | D:11     | Killed a cyan ugly thing
 10961 | D:11     | Found a staircase to the Lair.
 11020 | D:11     | Noticed a cyclops
 11033 | D:11     | Killed a cyclops
 11352 | D:11     | Noticed a seven-headed hydra
 11454 | D:11     | Killed an unseen horror
 11668 | D:11     | Killed a seven-headed hydra
 11947 | D:11     | Noticed a manticore
 11952 | D:11     | Reached skill level 10 in Shields
 11955 | D:11     | Killed a manticore
 12001 | D:11     | Reached XP level 12. HP: 62/75 MP: 9/12
 12051 | Lair:1   | Entered Level 1 of the Lair of Beasts
 12784 | Lair:1   | Reached skill level 1 in Invocations
 13080 | Lair:2   | Reached skill level 5 in Dodging
 13157 | Lair:2   | Reached ****** piety under Okawaru
 13296 | Lair:2   | Reached XP level 13. HP: 76/80 MP: 13/19
 13301 | Lair:2   | Learned a level 3 spell: Stone Arrow
 13352 | Lair:2   | Noticed neongrey's ghost (journeyman DsBe)
 13374 | Lair:2   | Killed neongrey's ghost
 13374 | Lair:2   | Reached skill level 5 in Conjurations
 13426 | Lair:2   | Received a gift from Okawaru
 13431 | Lair:2   | Got a shimmering hat {god gift}
 13443 | Lair:2   | Identified the +1 hat "Pagri" {rC++ Dex+2 SInv} (Okawaru gifted it to you on level 2 of the Lair of Beasts)
 14341 | Lair:3   | Reached skill level 1 in Earth Magic
 14380 | Lair:3   | Found a staircase to the Snake Pit.
 14624 | Lair:3   | Mutation became permanent: Your large and strong wings let you fly indefinitely. [Gargoyle growth]
 14624 | Lair:3   | Gained mutation: Your large and strong wings let you fly indefinitely. [Gargoyle growth]
 14624 | Lair:3   | Reached XP level 14. HP: 86/87 MP: 20/20
 14727 | Lair:3   | Gained mutation: You are weak. (Str -2) [a neqoxec]
 14736 | Lair:3   | Gained mutation: You occasionally shout uncontrollably at your foes. [a neqoxec]
 14870 | Lair:3   | Got a crude whip
 14871 | Lair:3   | Identified the +2 whip "Purer" {antimagic, +Blink rElec rC- Str+6} (You found it on level 3 of the Lair of Beasts)
 15222 | Lair:4   | Got a pair of translucent gloves
 15233 | Lair:4   | Identified the +2 pair of gloves of Mouf {Dex+5 SInv} (You found it on level 4 of the Lair of Beasts)
 15245 | Lair:4   | Reached skill level 10 in Fighting
 15379 | Lair:4   | Reached skill level 5 in Invocations
 15405 | Lair:4   | Found a staircase to the Swamp.
 16114 | Lair:5   | Found a staircase to the Slime Pits.
 16363 | Lair:5   | Reached skill level 10 in Armour
 16375 | Lair:5   | Identified the Tome of the Escort and Moulding
 16504 | Lair:5   | Received a gift from Okawaru
 16504 | Lair:5   | Reached skill level 5 in Spellcasting
 17076 | Lair:6   | Entered Level 6 of the Lair of Beasts
 17173 | Lair:6   | Noticed Rupert
 17174 | Lair:6   | Paralysed by Rupert for 3 turns
 17213 | Lair:6   | Killed Rupert
 17213 | Lair:6   | Received a gift from Okawaru
 17821 | Lair:6   | Received a gift from Okawaru
 17838 | Lair:6   | Reached XP level 15. HP: 82/96 MP: 23/23
 18912 | Lair:6   | Learned a level 4 spell: Force Lance
 19014 | Lair:6   | Found a shimmering altar of Xom.
 19073 | Lair:6   | Reached skill level 1 in Translocations
 20128 | D:12     | Received a gift from Okawaru
 20507 | D:12     | Learned a level 3 spell: Mephitic Cloud
 20767 | D:13     | Noticed Frances
 20783 | D:13     | Killed Frances
 20996 | D:13     | Reached XP level 16. HP: 104/104 MP: 16/25
 21123 | D:14     | Found a white marble altar of Elyvilon.
 21385 | D:14     | Reached skill level 1 in Poison Magic
 21564 | D:14     | Found a gate to the Vaults.
 22090 | D:15     | Entered Level 15 of the Dungeon
 22158 | D:15     | Noticed Sonja
 22165 | D:15     | Killed Sonja
 22489 | D:15     | Received a gift from Okawaru
 22519 | D:15     | Found a staircase to the Depths.
 22561 | D:15     | Found an opulent altar of Gozag.
 22734 | D:15     | Reached skill level 1 in Air Magic
 23361 | Orc:1    | Entered Level 1 of the Orcish Mines
 23749 | Orc:2    | Entered Level 2 of the Orcish Mines
 23795 | Orc:1    | Reached skill level 5 in Earth Magic
 23800 | Orc:1    | Received a gift from Okawaru
 23988 | Orc:2    | Killed from afar by an ogre mage

Skill      XL: |  1  2  3  4  5  6  7  8  9 10 11 12 13 14 15 16 |
---------------+-------------------------------------------------+-----
Maces & Flails | 3 4 5 6 8 10 12 13 14 | 14.6
Shields        | 4 5 6 7 8 10 11 12 13 | 13.2
Fighting       | 4 5 6 7 8 9 11 13 14 | 14.2
Dodging        | 1 2 3 4 5 6 7 |  7.5
Armour         | 4 5 7 8 9 10 11 12 | 12.1
Stealth        | 1 2 |  2.0
Invocations    | 4 6 |  6.7
Spellcasting   | 4 5 6 7 |  7.1
Conjurations   | 4 5 6 7 9 |  9.5
Earth Magic    | 1 3 4 5 |  5.1
Translocations | 2 3 |  3.0
Poison Magic   | 2 |  2.6
Air Magic      | 1 |  1.4

Action                   |  1- 3 |  4- 6 |  7- 9 | 10-12 | 13-15 | 16-18 || total
-------------------------+-------+-------+-------+-------+-------+-------++-------
Melee: Flail             |   100 |   228 |   509 |   490 |       |       ||  1327
       Morningstar       |       |       |       |   334 |  1531 |   645 ||  2510
       Whip              |       |       |       |       |    16 |       ||    16
 Cast: Stone Arrow       |       |       |       |       |    58 |    64 ||   122
       Mephitic Cloud    |       |       |       |       |       |    16 ||    16
 Abil: Fly               |       |       |       |     1 |       |       ||     1
Evoke: Wand              |       |       |       |       |     1 |       ||     1
  Use: Potion            |     4 |     2 |     6 |     5 |     2 |       ||    19
       Scroll            |     7 |     1 |     8 |     7 |    12 |     4 ||    39
 Stab: Distracted        |       |       |       |       |     1 |       ||     1
       Confused          |       |       |       |       |       |     8 ||     8
  Eat: Chunk             |     2 |     6 |    21 |    22 |    32 |    17 ||   100
       Royal jelly       |       |       |       |       |       |     1 ||     1
Armor: Scale mail        |    33 |   177 |       |       |       |       ||   210
       Pearl dragon scal |       |       |   279 |   428 |   761 |   224 ||  1692
Dodge: Dodged            |    24 |   107 |   184 |   268 |   691 |   287 ||  1561
Block: Shield            |    37 |   155 |   265 |   593 |  1521 |   477 ||  3048
